 Dungeon Crawl Stone Soup version 0.13.1-28-g3517093 (console) character file.

71 chtunga the Ducker (level 3, -3/15 HPs)
             Began as a Felid Transmuter on Mar 13, 2014.
             Slain by a worm (7 damage)
             ... on Level 2 of the Dungeon.
             The game lasted 00:16:50 (1601 turns).

chtunga the Ducker (Felid Transmuter)               Turns: 1601, Time: 00:16:50

HP  -3/15        AC  1     Str  7      XL: 3   Next: 10%
MP   6/6         EV 18     Int 14      God:
Gold 39          SH  0     Dex 16      Spells:  1 memorised,  5 levels left
Lives: 0, deaths: 0

Res.Fire  : . . .   See Invis. : +     - Unarmed
Res.Cold  : . . .   Warding    : .   (armour unavailable)
Life Prot.: . . .   Conserve   : .   (shield unavailable)
Res.Poison: .       Res.Corr.  : .   (helmet unavailable)
Res.Elec. : .       Clarity    : .   (cloak unavailable)
Sust.Abil.: . .     Spirit.Shd : .   (gloves unavailable)
Res.Mut.  : .       Stasis     : .   (boots unavailable)
Res.Rott. : .       Flight     : .   (no amulet)
Saprovore : . . .                    (no ring)
                                     (no ring)

@: very slightly contaminated, quick, slightly resistant to hostile
enchantments, stealthy
A: paw claws, no armour, no advanced items, fangs 3, see invisible, carnivore 3,
speed 1, slow metabolism 1, AC +1
a: no special abilities


You were on level 2 of the Dungeon.
You were not hungry.

You visited 1 branch of the dungeon, and saw 2 of its levels.

You collected 19 gold pieces.

Inventory:

Missiles
 b - 12 arrows
Comestibles
 a - 2 meat rations
 h - a chunk of hobgoblin flesh
Scrolls
 c - a scroll of amnesia {unknown}
 e - 4 scrolls of teleportation {unknown}
 f - a scroll of identify {unknown}
Potions
 g - a potion of curing {unknown}
Books
 d - a book of Changes

   Spells                             Type                      Level
   *Beastly Appendage                 Transmutation                1
   Sticks to Snakes                   Transmutation                2
   Spider Form                        Transmutation/Poison         3
   Ice Form                           Ice/Transmutation            4
   Blade Hands                        Transmutation                5


   Skills:
 + Level 1.7 Fighting
 + Level 3.2 Dodging
 + Level 1.3 Stealth
 + Level 3.2 Unarmed Combat
 + Level 2.2 Spellcasting
 + Level 2.2 Transmutations


You had 5 spell levels left.
You knew the following spells:

 Your Spells              Type           Power        Failure   Level  Hunger
a - Beastly Appendage     Trmt           #.....       12%         1    #......


Dungeon Overview and Level Annotations

Branches:
Dungeon (2/27)

Altars:


Innate Abilities, Weirdness & Mutations

You cannot wear armour.
You are incapable of any advanced item manipulation.
Your paws have sharp claws.
You have razor-sharp teeth.
You have supernaturally acute eyesight.
You are carnivorous and can eat meat at any time.
You cover ground quickly.
You are covered in fur (AC +1).
You have a slow metabolism.


Message History

The worm is lightly wounded.
The worm bites you!
Ouch! That really hurt!
* * * LOW HITPOINT WARNING * * *
You scratch the worm.
The worm is moderately wounded.
You scratch the worm. Your bite misses the worm.
The worm is moderately wounded.
The worm closely misses you.
You scratch the worm.
The worm is heavily wounded.
You scratch the worm.
The worm is severely wounded.
The worm closely misses you.
You barely miss the worm.
The worm is severely wounded.
You barely miss the worm.
The worm is severely wounded.
The worm bites you!
You die...

..#..#....#.# .
.....#......#####.#.#
.#...#......../.....^.
.#...#..#.#.#..........
.#...#......?...........
.#..........#...$.......
........................
%#..##..#<..#...........#
.%.......[.....)@w#
##..##...................
#.............#.####..#.
....##..#.....#... ...
....##..##....#.### .
.................
#.#.##..##......#
#.#.##..##..#.#.#
.#..#..##.......


You could see a worm.

Vanquished Creatures
  A giant mite (D:1)
  4 bats
  6 goblins
  3 hobgoblins
  4 jackals (D:1)
  A giant cockroach (D:1)
  2 giant newts (D:1)
  4 rats (D:1)
25 creatures vanquished.

Notes
Turn   | Place    | Note
--------------------------------------------------------------
     0 | D:1      | chtunga, the Felid Transmuter, began the quest for the Orb.
     0 | D:1      | Reached XP level 1. HP: 9/9 MP: 2/2
   450 | D:1      | Reached skill level 1 in Stealth
   454 | D:1      | Reached XP level 2. HP: 5/12 MP: 2/4
  1545 | D:2      | Reached XP level 3. HP: 15/15 MP: 6/6
  1601 | D:2      | Slain by a worm

Action                   || total
-------------------------++-------
Melee: Unarmed           ||    62
 Cast: Beastly Appendage ||     6
 Stab: Sleeping          ||     1
